 Dungeon Crawl Stone Soup version 0.26-a0-660-gc07710193c (webtiles) character file.

Game seed: 3713032571823461252

7916 dickylongcocking the Carver (level 11, 0/83 HPs)
             Began as a Human Fighter on Oct 6, 2020.
             Was an Initiate of Uskayaw.
             Slain by a molten gargoyle
             ... wielding a +0 dire flail
              (19 damage)
             ... on level 10 of the Dungeon.
             The game lasted 00:13:49 (14691 turns).

dickylongcocking the Carver (Human Fighter)        Turns: 14691, Time: 00:13:50

Health: 0/83       AC: 15    Str: 20    XL:     11   Next: 46%
Magic:  0/15       EV:  6    Int:  9    God:    Uskayaw [......]
Gold:   677        SH: 10    Dex: 12    Spells: 10/10 levels left

rFire    + + .     SeeInvis .   P - +5 falchion
rCold    x . .     Faith    .   c - +0 kite shield
rNeg     . . .     Spirit   +   B - +1 chain mail {rF+}
rPois    .         Reflect  .   C - +0 helmet
rElec    .         Harm     .   q - +0 cloak
rCorr    .         Rampage  .   y - +2 pair of gloves
MR       .....                  (no boots)
Stlth    ..........             k - amulet of guardian spirit
HPRegen  0.23/turn              j - ring of Shadows {Umbra +Inv Stlth+}
MPRegen  0.14/turn              J - ring of fire

@: about to teleport, wreathed by umbra, drained
A: talons 1, no potion heal 1
a: Renounce Religion, Evoke Invisibility


You were on level 10 of the Dungeon.
You worshipped Uskayaw.
Uskayaw was noncommittal.
You visited 2 branches of the dungeon, and saw 11 of its levels.

You collected 677 gold pieces.

Inventory:

Hand Weapons
 a - a +0 long sword
 u - a +3 long sword
 E - a +4 dagger
 M - a +1 antimagic long sword
 P - a +5 falchion (weapon)
Missiles
 F - 6 boomerangs of dispersal (quivered)
 R - 2 throwing nets
Armour
 b - a +0 scale mail
 c - a +0 kite shield (worn)
 q - a +0 cloak (worn)
 y - a +2 pair of gloves (worn)
 B - a +1 chain mail of fire resistance (worn)
 C - a +0 helmet (worn)
Jewellery
 j - the ring of Shadows (left hand) {Umbra +Inv Stlth+}
   (You found it on level 8 of the Dungeon)

   [ring of stealth]

   It lets you turn invisible.
   It makes you more stealthy.
 k - an amulet of guardian spirit (around neck)
 n - an uncursed ring of resist corrosion
 w - an uncursed ring of poison resistance
 H - an uncursed ring of protection from magic
 I - an uncursed ring of see invisible
 J - a ring of fire (right hand)
 O - an uncursed ring of stealth
 S - the ring "Genkank" {Int+7 Stlth+}
   (You took it off a gnoll on level 5 of the Dungeon)

   [ring of stealth]

   It affects your intelligence (+7).
   It makes you more stealthy.
Wands
 d - a wand of iceblast (7)
 o - a wand of flame (48)
 r - a wand of random effects (22)
 A - a wand of digging (1)
 D - a wand of polymorph (18)
 L - a wand of disintegration (6)
Scrolls
 e - 6 scrolls of remove curse
 f - a scroll of enchant weapon
 l - 3 scrolls of amnesia
 m - 3 scrolls of magic mapping
 s - 2 scrolls of enchant armour
 v - 2 scrolls of immolation
 G - a scroll of fog
Potions
 g - 3 potions of mutation
 t - a potion of magic
 x - 2 potions of brilliance
 z - a potion of curing {unknown}
 N - a potion of flight {unknown}
 Q - 2 potions of berserk rage {unknown}
 T - a potion of stabbing {unknown}


   Skills:
 * Level 6.8(5.7) Fighting
 - Level 0.2(7.0) Short Blades
 - Level 12.6(11.2) Long Blades
 * Level 4.0(2.9) Armour
 * Level 2.4(1.4) Dodging
 - Level 0.6(0.0) Stealth
 * Level 6.6(5.4) Shields
 * Level 6.6(5.4) Invocations
 * Level 1.0(0.0) Evocations


You had 10 spell levels left.
You didn't know any spells.
Your spell library was empty.

Dungeon Overview and Level Annotations

Branches:
Dungeon (10/15)            Temple (1/1) D:4
   Lair: D:8-11         Orc: D:9-12

Altars:
Ashenzari
Cheibriados
Dithmenos
Elyvilon
Fedhas
Gozag
Hepliaklqana
Kikubaaqudgha
Makhleb
Nemelex Xobeh
Okawaru
Qazlal
Ru
Sif Muna
Trog
Uskayaw
Vehumet
Wu Jian
Xom
Yredelemnul
Zin
The Shining One

Shops:
D:6 [


Innate Abilities, Weirdness & Mutations

You have sharp toenails.
Potions are less effective at restoring your health.


Message History

The bullfrog zombie is lightly damaged.
You block the bullfrog zombie's attack.
Unknown command.
Okay, then.
You stomp with the beat, sending a shockwave through the revelers around you!
The bullfrog zombie is heavily damaged.
The molten gargoyle is heavily damaged.
You can no longer stomp with the beat.
The bullfrog zombie hits you but does no damage.
You block the molten gargoyle's attack. You block the bullfrog zombie's attack.
Unknown command.
Unknown command.
Okay, then.
Unknown command.
Unknown command.
You slash the bullfrog zombie! Your kick misses the bullfrog zombie.
The bullfrog zombie is severely damaged.
You hear a bellow!
The bullfrog zombie hits you but does no damage.
The molten gargoyle hits you with a +0 dire flail!!
You die...

..........#...#
#.......
..........#...#
#>......
..........'...#
#.......
..........#...#
##......
'###......#.†.##
#######
#......#....#
#......#....# ...
#.<....#..99##
#...... ...
#.###..#....@#
......
..###......######Z#
#.....
.........##### ..#
######.....
....##...#...#
................
....##...#...#
..'.............
....##...#...#
..#.............
.........'...#
..#............<
.........#...# ..#
............
.........#...#
............


You could see 2 molten gargoyles and a bullfrog zombie.

Vanquished Creatures
  The ghost of luopjiggy the Severer, a novice HOFi (D:8)
  Pikel (D:4)
  2 molten gargoyles (D:10)
  Maggie (D:6)
  Prince Ribbit (D:6)
  4 slime creatures (D:10)
  A wyvern (D:8)
  Grum (D:8)
  Eustachio (D:5)
  The ghost of TigOlBitties the Magician, an amateur DEAE (D:5)
  2 orc warriors
  A water moccasin (D:10)
  2 ice beasts (D:9)
  A hornet zombie (D:8)
  2 black bears
  4 ogres
  A necrophage (D:8)
  A phantom (D:4)
  3 wolves (D:8)
  4 centaurs
  2 big kobolds
  5 bullfrogs
  2 gnoll sergeants (D:5)
  5 killer bees (D:7)
  5 scorpions
  A jelly (D:10)
  9 wights
  4 howler monkeys
  A quasit (D:6)
  A bullfrog zombie (D:7)
  3 hounds
  4 orc wizards
  A gnoll shaman (D:5)
  5 human zombies (D:8)
  2 orc priests
  A centaur skeleton (D:7)
  Jessica (D:2)
  3 iguanas
  2 bullfrog skeletons (D:6)
  4 worker ants
  2 human skeletons (D:8)
  A killer bee zombie (D:8)
  3 mummies (D:8)
  12 gnolls
  A howler monkey skeleton (D:4)
  11 adders
  A shadow imp (D:7)
  A white imp (D:8)
  3 ufetubi
  An adder skeleton (D:8)
  An adder zombie (D:6)
  2 worms
  3 dart slugs
  7 leopard geckos
  25 orcs
  9 bats
  8 giant cockroaches
  6 goblins
  12 hobgoblins
  3 jackals
  13 kobolds
  4 quokkas
  4 frilled lizards
  A jackal zombie (D:9)
  An orc zombie (D:8)
  A quokka zombie (D:7)
  11 rats
  A butterfly (D:3)
244 creatures vanquished.

Vanquished Creatures (others)
  A lava snake (D:10)
  An orc (D:10)
  15 plants
17 creatures vanquished.

Grand Total: 261 creatures vanquished

Notes
Turn   | Place    | Note
-------+----------+-------------------------------------------
     0 | D:1      | dickylongcocking the Human Fighter began the quest for the
                  | Orb.
     0 | D:1      | Reached XP level 1. HP: 18/18 MP: 1/1
   133 | D:1      | Reached XP level 2. HP: 22/24 MP: 2/2
   327 | D:1      | Reached skill level 3 in Long Blades
   526 | D:1      | Reached XP level 3. HP: 29/29 MP: 3/3
  1459 | D:2      | Reached XP level 4. HP: 27/35 MP: 4/4
  1831 | D:2      | Noticed Jessica
  1837 | D:2      | Killed Jessica
  1837 | D:2      | Reached skill level 4 in Long Blades
  2204 | D:3      | Found a shimmering altar of Xom.
  2307 | D:3      | Reached XP level 5. HP: 41/41 MP: 5/5
  2685 | D:3      | Reached skill level 5 in Long Blades
  3156 | D:3      | Found a faded altar of an unknown god.
  3328 | D:4      | Noticed an ogre
  3337 | D:4      | Killed an ogre
  3337 | D:4      | Reached skill level 6 in Long Blades
  3337 | D:4      | Reached XP level 6. HP: 14/47 MP: 6/6
  3922 | D:4      | Found a hazy altar of Hepliaklqana.
  4251 | D:4      | Reached XP level 7. HP: 52/52 MP: 7/7
  4257 | D:4      | Found a burning altar of Makhleb.
  4362 | D:4      | Noticed Pikel
  4380 | D:4      | Killed Pikel
  4380 | D:4      | Reached skill level 8 in Long Blades
  4380 | D:4      | Reached XP level 8. HP: 37/58 MP: 8/8
  4742 | D:4      | Found a staircase to the Ecumenical Temple.
  4857 | D:4      | Reached skill level 9 in Long Blades
  5164 | D:5      | Entered Level 5 of the Dungeon
  5164 | D:5      | Noticed Eustachio
  5238 | D:5      | Killed Eustachio
  5303 | D:5      | Found a bloodstained altar of Trog.
  5303 | D:5      | Noticed a moth of wrath
  5351 | D:5      | Reached skill level 10 in Long Blades
  5431 | D:5      | Reached XP level 9. HP: 34/63 MP: 9/9
  5452 | D:5      | Identified the cursed +0 kite shield of Distant Worlds
                  | {Int+2}
  5453 | D:5      | Found a broken altar of Ashenzari.
  5671 | D:5      | Found a transporter.
  5673 | D:5      | Found a transporter.
  5676 | D:5      | Noticed TigOlBitties's ghost (amateur DEAE)
  5680 | D:5      | Identified the ring "Genkank" {Int+7 Stlth+}
  5999 | D:6      | Noticed Prince Ribbit
  6018 | D:6      | Killed Prince Ribbit
  6018 | D:6      | Reached skill level 11 in Long Blades
  6455 | D:6      | Found an ornate altar of the Wu Jian Council.
  6735 | D:6      | Noticed Maggie
  6768 | D:6      | Killed Maggie
  6768 | D:6      | Reached skill level 12 in Long Blades
  6884 | D:6      | Found Utwas Lem's Armour Emporium.
  7707 | Temple   | Entered the Ecumenical Temple
  7817 | Temple   | Became a worshipper of Uskayaw the Reveler
  8003 | D:7      | Reached * piety under Uskayaw
  8004 | D:7      | Reached ** piety under Uskayaw
  8012 | D:7      | Reached *** piety under Uskayaw
  8013 | D:7      | Reached skill level 1 in Invocations
  8013 | D:7      | Reached XP level 10. HP: 66/70 MP: 10/10
  8015 | D:7      | Reached **** piety under Uskayaw
  8215 | D:7      | Found an iron altar of Okawaru.
  9270 | D:8      | Found a basalt altar of Yredelemnul.
  9584 | D:8      | Noticed Grum
  9595 | D:8      | Gained mutation: Potions are less effective at restoring
                  | your health. [potion of mutation]
  9595 | D:8      | Gained mutation: You have sharp toenails. [potion of
                  | mutation]
  9952 | D:8      | Killed Grum
 10020 | D:8      | Found a shadowy altar of Dithmenos.
 10025 | D:8      | Found the ring of Shadows {Umbra +Inv Stlth+}
 10359 | D:8      | Reached skill level 5 in Fighting
 10563 | D:8      | Found an ancient bone altar of Kikubaaqudgha.
 10600 | D:8      | Found a runed translucent door.
 10600 | D:8      | Noticed luopjiggy's ghost (novice HOFi)
 10699 | D:8      | Found an opulent altar of Gozag.
 11407 | D:9      | Found a white marble altar of Elyvilon.
 11407 | D:9      | Found a glowing silver altar of Zin.
 11407 | D:9      | Found a glowing golden altar of the Shining One.
 11429 | D:9      | Reached skill level 5 in Shields
 11716 | D:9      | Found a sparkling altar of Nemelex Xobeh.
 11897 | D:9      | Reached skill level 5 in Invocations
 12065 | D:10     | Entered Level 10 of the Dungeon
 12285 | D:10     | Reached XP level 11. HP: 25/80 MP: 5/15
 12778 | D:10     | Reached ***** piety under Uskayaw
 13080 | D:10     | Reached skill level 1 in Dodging
 13121 | D:10     | HP: 2/82 [molten gargoyle/bolt of magma (18)]
 13958 | D:5      | Killed TigOlBitties's ghost
 14275 | D:8      | Killed luopjiggy's ghost
 14559 | D:10     | Reached skill level 1 in Evocations
 14691 | D:10     | Slain by a molten gargoyle

Illustrated notes

Levels and vault maps discovered:
D:1:      dpeg_arrival_concentric_ovals, layout_basic
D:2:      layout_rooms, uniq_jessica
D:3:      layout_rooms, xom_butterflies, chequers_ecumenical_altar_simple_redux,
          grunt_decor_resistance, chequers_jeans, kennysheep_generic_room_16
D:4:      layout_loops_corners, lightli_temple_of_fire,
          nicolae_overflow_crystal_walls, minmay_temple_entry_statues,
          uniq_pikel
D:5:      layout_rooms, tgw_trog, ashenzari_altar_1,
          gammafunk_ghost_gnarly_gnolls, uniq_eustachio
D:6:      layout_loops_ring, lemuel_crystal_altar, serial_shops, shop,
          st_stairs_9, uniq_maggie, uniq_prince_ribbit1
D:7:      layout_basic, okawaru_metal_pillars_1_2
D:8:      minmay_general_purpose_star, layout_layer_cave, kennysheep_mini,
          kennysheep_mini_moat, lemuel_mausoleum_altar_kikubaaqudgha,
          basic_altar, gammafunk_ghost_grave, uniq_grum
D:9:      layout_basic, good_gods_mini_temple, nemelex_lonely_heart_becter
D:10:     layout_stronghold, dpeg_oklobed_lair, minivault_8
Temple:   kb_temple_of_zot

Skill      XL: |  1  2  3  4  5  6  7  8  9 10 11 |
---------------+----------------------------------+-----
Long Blades    | 3 4 6 8 10 12 | 12.6
Invocations    | 1 5 6 |  6.6
Fighting       | 5 6 |  6.8
Shields        | 5 6 |  6.6
Dodging        | 2 |  2.4
Evocations     | 1 |  1.0
Armour         | 4 |  4.0
Short Blades   | |  0.2
Stealth        | |  0.6

Action                   |  1- 3 |  4- 6 |  7- 9 | 10-12 || total
-------------------------+-------+-------+-------+-------++-------
Melee: Long sword        |   101 |   202 |   437 |    96 ||   836
       Dagger            |       |       |       |   194 ||   194
       Falchion          |       |       |       |   210 ||   210
       Kick              |       |       |       |   109 ||   109
Invok: Stomp             |       |       |       |    12 ||    12
 Abil: Evoke Invisibilit |       |       |       |     1 ||     1
Evoke: Wand              |       |       |       |     9 ||     9
  Use: Potion            |       |     2 |     4 |     8 ||    14
       Scroll            |       |       |     1 |    14 ||    15
 Stab: Paralysed         |       |       |     1 |    16 ||    17
Armor: Scale mail        |    46 |   116 |    52 |       ||   214
       Chain mail        |       |       |   197 |   211 ||   408
Dodge: Dodged            |    30 |    74 |   109 |   123 ||   336
Block: Kite shield       |    59 |   112 |   200 |   209 ||   580
       Rpst.: Long sword |     5 |    18 |    27 |     3 ||    53
       Falchion          |       |       |       |    13 ||    13

Table legend: (Time is in decaauts)
 A = Elapsed time spent in this place.
 B = Non-inter-level travel time spent in this place.
 C = Inter-level travel time spent in this place.
 D = Time resting spent in this place.
 E = Time spent auto-exploring this place.
 F = Levels seen in this place.
 G = Mean time per level.
                   A        B        C        D        E       F      G
               +--------+--------+--------+--------+--------+-----+--------+
         Total |  14630 |  13740 |    890 |   2205 |   9134 |  11 | 1330.0 |
       Dungeon |  14490 |  13630 |    860 |   2205 |   9077 |  10 | 1449.0 |
        Temple |    139 |    110 |     29 |      0 |     57 |   1 |  139.0 |
               +--------+--------+--------+--------+--------+-----+--------+

Top non-repeatable levels by time:
     D:8: 2258 daAuts
     D:4: 1978 daAuts
     D:7: 1900 daAuts
    D:10: 1414 daAuts
     D:1: 1368 daAuts
     D:6: 1358 daAuts
     D:9: 1202 daAuts
     D:3: 1060 daAuts
     D:5: 977 daAuts
     D:2: 971 daAuts
  Temple: 139 daAuts
